 Dungeon Crawl Stone Soup version 0.29.0-7-g18a832c13a (webtiles) character file.

Game seed: 4497207221525230862

96 Locuples the Conjurer (level 4, -1/29 HPs)
             Began as a Draconian Conjurer on Aug 31, 2022.
             Was a Follower of Hepliaklqana.
             Slain by a gnoll
             ... wielding a +0 flail
              (11 damage)
             ... on level 2 of the Dungeon.
             The game lasted 00:06:14 (1905 turns).

Locuples the Conjurer (Draconian Conjurer)          Turns: 1905, Time: 00:06:14

Health: -1/29      AC:  5    Str:  9    XL:     4   Next: 41%
Magic:  2/7        EV: 12    Int: 21    God:    Hepliaklqana [*.....]
Gold:   105        SH:  0    Dex:  9    Spells: 7/8 levels left

rFire   . . .      SeeInvis .   (no weapon)
rCold   . . .      Faith    .   (no shield)
rNeg    . . .      Spirit   .   (body armour unavailable)
rPois   .          Reflect  .   (helmet restricted)
rElec   .          Harm     .   (no cloak)
rCorr   .          Rampage  .   (no gloves)
Will    .....                   (no boots)
Stlth   ++........              (no amulet)
HPRegen 0.09/turn               (no ring)
MPRegen 0.10/turn               (no ring)

@: no status effects
A: reduced essence, AC +5, unfitting armour, cold-blooded
a: Renounce Religion, Recall Ancestor, Ancestor Identity


You were on level 2 of the Dungeon.
You worshipped Hepliaklqana.
Hepliaklqana was aware of your devotion.
You visited 1 branch of the dungeon, and saw 2 of its levels.

You collected 105 gold pieces.

Inventory:

Scrolls
 b - 4 scrolls of teleportation {unknown}
 e - a scroll of silence {unknown}
 f - a scroll of enchant weapon {unknown}
 h - a scroll of identify {unknown}
 i - a scroll of noise {unknown}
 k - a scroll of magic mapping {unknown}
Potions
 a - a potion of magic
 c - 2 potions of brilliance {unknown}
 d - a potion of resistance {unknown}
 g - a potion of might {unknown}
 j - 2 potions of flight {unknown}


   Skills:
 + Level 2.3 Dodging
 - Level 1.7 Stealth
 + Level 2.6 Spellcasting
 + Level 5.2 Conjurations


You had 7 spell levels left.
You knew the following spells:

 Your Spells              Type           Power      Damage    Failure   Level
a - Magic Dart            Conj           96%        1d7       1%          1

Your spell library contained the following spells:

 Spells                   Type           Power      Damage    Failure   Level
 Searing Ray              Conj           48%        2d6       2%          2
 Dazzling Flash           Conj/Hex       26%        N/A       14%         3
 Blink                    Tloc           4%         N/A       22%         2
 Lesser Beckoning         Tloc           2%         N/A       38%         3
 Fulminant Prism          Conj/Hex       6%         3d7       43%         4
 Iskenderun's Mystic Bla  Conj/Tloc      13%        2d5       43%         4
 Manifold Assault         Tloc           2%         N/A       98%         5


Dungeon Overview and Level Annotations

Branches:
Dungeon (2/15)

Altars:
Hepliaklqana


Innate Abilities, Weirdness & Mutations

Your life essence is reduced to manifest your ancestor. (-10% HP)
Your plain brown scales are hard. (AC +5)
You cannot fit into any form of body armour.
You are cold-blooded and may be slowed by cold attacks.


Message History

Aiming: Magic Dart (safe; 1% risk of failure)
Press: ? - help, Shift-Dir - straight line, f - goblin
Aim: a goblin, wielding a +0 club (100% to hit)
The magic dart hits the goblin.
You kill the goblin!
Things that are here:
a +0 club; an adder skeleton; a goblin skeleton
Casting: Magic Dart (safe; 1% risk of failure)
Confirm with . or Enter, or press ? or * to list all spells.
Aiming: Magic Dart (safe; 1% risk of failure)
Press: ? - help, Shift-Dir - straight line, f - gnoll
Aim: a gnoll, wielding a +0 flail (100% to hit)
The magic dart hits the gnoll.
The gnoll is lightly wounded.
Tlaloc emerges from the mists of memory!
You swap places.
Casting: Magic Dart (safe; 1% risk of failure)
Confirm with . or Enter, or press ? or * to list all spells.
You don't know that spell.
Unknown command.
Unknown command.
Casting: Magic Dart (safe; 1% risk of failure)
Confirm with . or Enter, or press ? or * to list all spells.
Aiming: Magic Dart (safe; 1% risk of failure)
Press: ? - help, Shift-Dir - straight line, f/p - gnoll
Aim: a gnoll, wielding a +0 flail (ally target, 100% to hit)
Tlaloc avoids your attack.
The magic dart hits the gnoll.
The gnoll is moderately wounded.
The gnoll hits Tlaloc with a +0 flail!
Tlaloc hits the gnoll.
Tlaloc barely misses the gnoll.
Tlaloc hits the gnoll.
Tlaloc hits the gnoll.
The gnoll closely misses Tlaloc.
Tlaloc closely misses the gnoll.
The gnoll misses Tlaloc.
The gnoll hits Tlaloc with a +0 flail!
Tlaloc hits the gnoll.
Tlaloc hits the gnoll but does no damage.
The gnoll hits Tlaloc with a +0 flail!
Tlaloc is destroyed!
You see here a +0 spear.
The gnoll attacks as you move away! The gnoll hits you with a +0 flail!
You die...

........##....g....†.........
........##..#########.#...##
####.##.##..# #.# ##
####.##.##..# #.#
.....)......# #g#
####.##.###.# #.# #.##[###.##
#.# ..........########.#
##.........).g@.....#
###...##..##########
#....##..# ..♣♣.....# ..
..##.# ..$# #.# ..# #.# #.
#.#


You could see a gnoll.

Vanquished Creatures
  3 gnolls (D:2)
  An adder (D:2)
  4 bats
  3 endoplasms
  3 giant cockroaches
  3 goblins
  4 hobgoblins
  2 jackals (D:2)
  A ball python (D:1)
  5 frilled lizards (D:2)
  4 kobolds
  A rat (D:1)
34 creatures vanquished.

Vanquished Creatures (collateral kills)
  2 adders (D:2)
  A dart slug (D:1)
  A kobold (D:2)
4 creatures vanquished.

Vanquished Creatures (others)
  4 ancestors (D:2)
  2 fungi (D:1)
6 creatures vanquished.

Grand Total: 44 creatures vanquished

Notes
Turn   | Place    | Note
-------+----------+-------------------------------------------
     0 | D:1      | Locuples the Draconian Conjurer began the quest for the
                  | Orb.
     0 | D:1      | Reached XP level 1. HP: 14/14 MP: 3/3
   565 | D:1      | Reached XP level 2. HP: 20/20 MP: 1/5
   763 | D:1      | Found a faded altar of an unknown god.
   790 | D:1      | Prayed at the altar of an unknown god.
   790 | D:1      | Became a worshipper of Hepliaklqana the Forgotten
   790 | D:1      | Reached * piety under Hepliaklqana
  1495 | D:2      | Reached XP level 3. HP: 23/23 MP: 0/6
  1759 | D:2      | Reached skill level 5 in Conjurations
  1799 | D:2      | Reached XP level 4. HP: 6/29 MP: 0/7
  1905 | D:2      | Slain by a gnoll

Illustrated notes

Levels and vault maps discovered:
D:1:      lemuel_arrival_cross, layout_loops_cross,
          shapermc_ecumenical_altar_acropolis
D:2:      layout_loops_ring, serial_park_tiny_1

Skill      XL: |  1  2  3 |
---------------+----------+-----
Dodging        | 2 |  2.3
Conjurations   | 5 |  5.2
Stealth        | |  1.7
Spellcasting   | |  2.6

Action                   |  1- 3 |  4- 6 || total
-------------------------+-------+-------++-------
Melee: Unarmed           |    46 |       ||    46
       Tailslap          |     7 |       ||     7
 Cast: Magic Dart        |    65 |     9 ||    74
Armor: Skin              |    13 |     1 ||    14
Dodge: Dodged            |    37 |     6 ||    43
